 Dungeon Crawl Stone Soup version 0.26-a0-1080-g4c0aae810e (webtiles) character file.

Game seed: 5157356513106055436

293 sanka the Covert (level 6, 0/28 HPs)
             Began as a Spriggan Enchanter on Dec 14, 2020.
             Killed from afar by an orc wizard (5 damage)
             ... with a magic dart
             ... on level 4 of the Dungeon.
             The game lasted 00:05:43 (3561 turns).

sanka the Covert (Spriggan Enchanter)               Turns: 3561, Time: 00:05:44

Health: 0/28       AC:  3    Str:  4    XL:     6   Next: 11%
Magic:  1/11       EV: 18    Int: 16    God:
Gold:   193        SH:  0    Dex: 19    Spells: 1/10 levels left

rFire    . . .     SeeInvis +   a - +1 dagger
rCold    . . .     Faith    .   (shield restricted)
rNeg     + . .     Spirit   .   t - +0 robe
rPois    .         Reflect  .   (helmet restricted)
rElec    .         Harm     .   o - +0 cloak
rCorr    .         Rampage  .   (gloves unavailable)
Will     +....                  (boots unavailable)
Stlth    ++++......             (no amulet)
HPRegen  0.09/turn              (no ring)
MPRegen  0.12/turn              s - ring of positive energy

@: very quick
A: very small, unfitting armour, see invisible, speed 3
a: no special abilities


You were on level 4 of the Dungeon.
You visited 1 branch of the dungeon, and saw 4 of its levels.

You collected 193 gold pieces.


Innate Abilities, Weirdness & Mutations

You are very small and have problems with some larger weapons.
You are too small for most types of armour.
You have supernaturally acute eyesight. (SInv)
You cover ground extremely quickly.


   Skills:
 - Level 5.0 Short Blades
 - Level 3.0 Dodging
 - Level 8.0 Stealth
 + Level 2.7 Spellcasting
 + Level 3.6 Hexes


You had one spell level left.
You knew the following spells:

 Your Spells              Type           Power        Failure   Level
x - Tukima's Dance        Hex            ##......     13%         3
z - Ensorcelled Hibernat  Hex/Ice        #.....       14%         2
X - Confusing Touch       Hex            ##......     13%         3
Z - Corona                Hex            ##.....      4%          1

Your spell library contained the following spells:

 Spells                   Type           Power        Failure   Level
 Dazzling Flash           Conj/Hex       #.....       28%         3

Inventory:

Hand Weapons
 a - a +1 dagger (weapon)
 b - a +4 short sword of draining
Missiles
 j - 17 poisoned darts
Armour
 n - a +0 buckler
 o - a +0 cloak (worn)
 t - a +0 robe (worn)
Jewellery
 s - a ring of positive energy (right hand)
Wands
 r - a wand of acid (9)
Scrolls
 c - a scroll of enchant weapon {unknown}
 e - 3 scrolls of teleportation {unknown}
 f - 3 scrolls of identify {unknown}
 g - 3 scrolls of remove curse {unknown}
 h - a scroll of amnesia {unknown}
 k - a scroll of enchant armour {unknown}
 m - 2 scrolls of fear {unknown}
Potions
 d - 8 potions of curing {unknown}
 i - a potion of resistance {unknown}
 l - a potion of brilliance {unknown}
 p - a potion of invisibility {unknown}
 q - a potion of haste {unknown}

Dungeon Overview and Level Annotations

Branches:
Dungeon (4/15)
 Temple: D:4-7

Altars:
Cheibriados
Zin

.▒ .▒ .▒ ▒▒.▒▒▒▒▒▒
▒▒...▒...
▒▒▒▒▒▒▒▒▒▒......▒▒▒
▒)..oi............▒
▒)▒▒▒▒▒▒▒▒......▒ ▒
▒. ▒▒▒▒▒▒.._..▒.▒
▒. ▒.............
▒. ▒.▒▒▒▒<...▒▒.▒
▒o ▒▒.▒▒▒ ▒h ▒.▒ ▒.
..▒ ▒▒..


You could see an orc wizard (fast).


Message History

The orc wizard mumbles some strange words.
The orc wizard blinks!
You hit the jackal skeleton but do no damage.
The jackal skeleton appears confused.
You hit the jackal skeleton.
The jackal skeleton is moderately damaged.
The jackal skeleton completely misses you.
You hit the jackal skeleton.
The jackal skeleton is heavily damaged.
You strike the helpless jackal skeleton from behind!
You impale the jackal skeleton!!
You destroy the jackal skeleton!
The orc wizard points at you and mumbles some strange words.
The magic dart hits you.
* * * LOW HITPOINT WARNING * * *
The orc wizard misses you.
Things that are here:
a +0 giant spiked club; an ogre corpse
Aiming: Ensorcelled Hibernation (safe; 14% risk of failure)
Aim: an orc wizard, wielding a +0 dagger and wearing a +0 robe (fast, chance to affect: 38%)
The orc wizard resists with some effort.
The orc wizard gestures at you while chanting.
The magic dart hits you!
* * * LOW HITPOINT WARNING * * *
Aiming: Ensorcelled Hibernation (safe; 14% risk of failure)
Aim: an orc wizard, wielding a +0 dagger and wearing a +0 robe (fast, chance to affect: 38%)
The orc wizard resists with some effort.
The orc wizard points at you and mumbles some strange words.
The magic dart hits you.
You die...

Action                   |  1- 3 |  4- 6 || total
-------------------------+-------+-------++-------
Melee: Dagger            |    72 |    80 ||   152
 Cast: Corona            |     7 |       ||     7
       Ensorcelled Hiber |    22 |    23 ||    45
       Confusing Touch   |       |     2 ||     2
 Stab: Sleeping          |    21 |    21 ||    42
       Confused          |       |     2 ||     2
Armor: Robe              |     6 |     7 ||    13
Dodge: Dodged            |    78 |    46 ||   124

Levels and vault maps discovered:
D:1:      sevenhm_arrival_forest_fort_large_1, layout_basic
D:2:      layout_rooms, lightli_corner_chamber
D:3:      layout_basic, old_standard_altar, minivault_11, uniq_terence
D:4:      layout_loops_ring, cheibriados_altar_1, grunt_temple_overflow_open,
          minmay_temple_entry_offerings

Notes
Turn   | Place    | Note
-------+----------+-------------------------------------------
     0 | D:1      | sanka the Spriggan Enchanter began the quest for the Orb.
     0 | D:1      | Reached XP level 1. HP: 9/9 MP: 5/5
   214 | D:1      | Reached skill level 5 in Stealth
   318 | D:1      | Reached XP level 2. HP: 9/13 MP: 4/6
   849 | D:1      | Learned a level 2 spell: Ensorcelled Hibernation
  1002 | D:1      | Reached skill level 6 in Stealth
  1551 | D:2      | Reached XP level 3. HP: 16/16 MP: 8/8
  1641 | D:2      | Reached skill level 7 in Stealth
  2204 | D:2      | Reached XP level 4. HP: 21/21 MP: 9/9
  2213 | D:2      | Learned a level 3 spell: Confusing Touch
  2353 | D:3      | Found a glowing silver altar of Zin.
  2376 | D:3      | Reached skill level 8 in Stealth
  2482 | D:3      | Reached skill level 2 in Short Blades
  2495 | D:3      | HP: 2/21 [orc wizard/puff of flame (9)]
  2890 | D:3      | Reached XP level 5. HP: 23/24 MP: 6/10
  3004 | D:3      | Reached skill level 3 in Short Blades
  3187 | D:3      | Noticed Terence
  3212 | D:3      | Killed Terence
  3513 | D:4      | Found a snail-covered altar of Cheibriados.
  3520 | D:4      | Noticed an ogre
  3526 | D:4      | Killed an ogre
  3527 | D:4      | Reached skill level 4 in Short Blades
  3527 | D:4      | Reached XP level 6. HP: 28/28 MP: 8/11
  3531 | D:4      | Learned a level 3 spell: Tukima's Dance
  3550 | D:4      | Reached skill level 5 in Short Blades
  3561 | D:4      | Killed from afar by an orc wizard

Vanquished Creatures
  An ogre (D:4)
  Terence (D:3)
  An iguana (D:4)
  An orc wizard (D:3)
  7 adders
  2 worms
  2 dart slugs
  A leopard gecko (D:3)
  7 orcs
  3 ball pythons
  4 giant cockroaches (D:3)
  4 goblins
  A hobgoblin (D:2)
  3 jackals
  2 kobolds
  A quokka (D:3)
  5 bats
  5 frilled lizards
  A jackal skeleton (D:4)
  6 rats
58 creatures vanquished.
